 Dungeon Crawl Stone Soup version 0.20-a0-286-gae82e34 (webtiles) character file.

32 Junicave the Digger (level 3, -1/19 HPs)
             Began as a Gargoyle Earth Elementalist on Dec 14, 2016.
             Slain by a goblin (5 damage)
             ... led by Robin
             ... on level 2 of the Dungeon.
             The game lasted 00:05:20 (1012 turns).

Junicave the Digger (Gargoyle Earth Elementalist)   Turns: 1012, Time: 00:05:21

Health: -1/19      AC:  5    Str: 11    XL:     3   Next: 27%
Magic:  0/7        EV: 12    Int: 16    God:
Gold:   35         SH:  0    Dex: 10    Spells: 3/7 levels left

rFire  . . .     SeeInvis .     i - +0 club
rCold  . . .     Gourm    .     c - +0 robe
rNeg   + . .     Faith    .     (no shield)
rPois  ∞         Spirit   .     (no helmet)
rElec  +         Reflect  .     (no cloak)
rCorr  .         Harm     .     (no gloves)
MR     .....                    (no boots)
Stlth  ++........               (no amulet)
                                (no ring)
                                f - ring of flight

@: very slightly contaminated
A: negative energy resistance 1, electricity resistance, unbreathing,
petrification resistance, rot immunity, AC +3
a: Evoke Flight


You were on level 2 of the Dungeon.
You were very hungry.

You visited 1 branch of the dungeon, and saw 2 of its levels.

You collected 35 gold pieces.

Inventory:

Hand Weapons
 i - a +0 club (weapon)
Missiles
 b - 64 stones (quivered)
Armour
 c - a +0 robe (worn)
Jewellery
 f - a ring of flight (left hand)
Scrolls
 g - 2 scrolls of teleportation {unknown}
 k - 2 scrolls of identify {unknown}
 l - a scroll of enchant armour {unknown}
Potions
 h - a potion of might {unknown}
 m - a potion of haste {unknown}
Books
 e - a book of Geomancy

   Spells                             Type                      Level
   a - Sandblast                      Earth                        1
   b - Passwall                       Transmutation/Earth          2
   c - Stone Arrow                    Conjuration/Earth            3
   d - Petrify                        Transmutation/Earth          4
   e - Lee's Rapid Deconstruction     Earth                        5
Comestibles
 d - a bread ration
 j - 2 beef jerkies


   Skills:
 - Level 1.6 Dodging
 - Level 2.4 Stealth
 * Level 2.7 Spellcasting
 + Level 0.0 Conjurations
   Level 0.7 Transmutations
 + Level 4.2 Earth Magic


You had 3 spell levels left.
You knew the following spells:

 Your Spells              Type           Power        Failure   Level  Hunger
a - Sandblast             Erth           ###...       4%          1    #......
b - Stone Arrow           Conj/Erth      #.....       28%         3    ###....


Dungeon Overview and Level Annotations

Branches:
Dungeon (2/15)

Altars:

Annotations:
D:2 Robin


Innate Abilities, Weirdness & Mutations

You are resistant to torment.
Your stone body is resilient. (AC +3)
You are immune to poison.
You resist negative energy. (rN+)
You are resistant to electric shocks. (rElec)
You can survive without breathing.
You are immune to petrification.
You are immune to rotting.


Message History

Robin barely misses you.
You barely miss the goblin. Robin closely misses you.
The goblin barely misses you. The goblin closely misses you.
Casting: Sandblast
Confirm with . or Enter, or press ? or * to list all spells.
Aiming: Sandblast
Press: ? - help, Shift-Dir - straight line, f - goblin, p - Robin
Aim: a goblin, wielding a dagger (unusually strong)
You miscast Sandblast.
Nothing appears to happen.
Robin misses you. The goblin barely misses you.
The goblin completely misses you.
You closely miss the goblin. Robin hits you but does no damage.
The goblin barely misses you. The goblin hits you but does no damage.
You closely miss the goblin. The goblin hits you with a dagger.
* * * LOW HITPOINT WARNING * * *
The goblin barely misses you.
You hit the goblin.
The goblin is moderately wounded.
The goblin hits you but does no damage. Robin hits you but does no damage.
The goblin hits you.
You die...

##.# #.# #.#
#########.# #..
#.........# ##.#
#.........# ..
#.........# .#
#.....gg..#####
#....ggg........
######g#########
#@# #####g#####
#....r....#
#.........#
#.........#
#....<....#
#.........#
#...#+####..
+...<.# .#


You could see Robin, 3 hobgoblins, 3 goblins and a rat.

Vanquished Creatures
  2 oozes (D:1)
  A leopard gecko (D:1)
  6 hobgoblins
  A ball python (D:1)
  2 frilled lizards (D:1)
  5 goblins
  2 kobolds (D:1)
  4 rats
23 creatures vanquished.

Notes
Turn   | Place    | Note
-------+----------+-------------------------------------------
     0 | D:1      | Junicave the Gargoyle Earth Elementalist began the quest for the Orb.
     0 | D:1      | Reached XP level 1. HP: 10/10 MP: 3/3
    53 | D:1      | Reached XP level 2. HP: 11/15 MP: 1/5
   220 | D:1      | Reached skill level 4 in Earth Magic
   476 | D:1      | Reached XP level 3. HP: 17/19 MP: 4/6
   802 | D:1      | Learned a level 3 spell: Stone Arrow
   928 | D:2      | Noticed Robin
  1012 | D:2      | Slain by a goblin

Vault maps used:
D:1:      erik_arrival_gehennom
D:2:      kennysheep_okawaru_gauntlet, gammafunk_temple_overflow_wave,
          first_bread, uniq_jessica, uniq_sigmund, uniq_terence, uniq_robin

Skill      XL: |  1  2 |
---------------+-------+-----
Earth Magic    | 4 |  4.2
Dodging        | |  1.6
Stealth        | |  2.4
Spellcasting   | |  2.7
Transmutations | |  0.7

Action                   || total
-------------------------++-------
Melee: Unarmed           ||    15
       Club              ||     6
 Cast: Sandblast         ||    35
 Abil: Evoke Flight      ||     3
 Stab: Sleeping          ||     3
Armor: Robe              ||     8
Dodge: Dodged            ||    38
